 Dungeon Crawl Stone Soup version 0.21.1-1-g345015fe64 (webtiles) character file.

630 KleinerIrrer the Chopper (level 7, -6/55 HPs)
             Began as a Formicid Fighter on Apr 4, 2018.
             Killed by divine providence
             ... invoked by an orc priest
              (9 damage)
             ... on level 5 of the Dungeon.
             The game lasted 00:00:39 (3675 turns).

KleinerIrrer the Chopper (Formicid Fighter)         Turns: 3675, Time: 00:00:39

Health: -6/55      AC: 13    Str: 23    XL:     7   Next: 77%
Magic:  7/7        EV:  7    Int:  7    God:
Gold:   50         SH: 10    Dex: 10    Spells: 6/6 levels left

rFire    + . .     SeeInvis +   Y - +2 war axe
rCold    . . .     Gourm    .   c - +0 shield
rNeg     . . .     Faith    .   j - +0 chain mail
rPois    .         Spirit   .   (helmet unavailable)
rElec    .         Reflect  .   (no cloak)
rCorr    .         Harm     .   g - +1 pair of gloves
MR       .....                  f - +1 pair of boots
Stlth    ..........             (no amulet)
HPRegen  0.18/turn              p - ring of protection from fire
MPRegen  0.10/turn              (no ring)

@: no status effects
A: permanent stasis, dig shafts and tunnels, four strong arms, antennae 3
a: Dig, Shaft Self


You were on level 5 of the Dungeon.
You were hungry.

You visited 1 branch of the dungeon, and saw 5 of its levels.

You collected 239 gold pieces.
You spent 189 gold pieces at shops.


Innate Abilities, Weirdness & Mutations

You cannot be hasted, slowed, berserked, paralysed or teleported.
You can dig through walls and to a lower floor.
Your four strong arms can wield two-handed weapons with a shield.
You have a pair of large antennae on your head. (SInv)


   Skills:
 - Level 4.7 Fighting
 + Level 6.4 Axes
 - Level 3.2 Armour
 - Level 2.4 Dodging
 - Level 4.5 Shields


You had 6 spell levels left.
You didn't know any spells.

Inventory:

Hand Weapons
 o - a +7 flail of protection
 Y - a +2 war axe (weapon)
Armour
 c - a +0 shield (worn)
 f - a +1 pair of boots (worn)
 g - a +1 pair of gloves (worn)
 j - a +0 chain mail (worn)
Jewellery
 p - a ring of protection from fire (left hand)
Wands
 h - a wand of iceblast (9)
Scrolls
 m - a scroll of remove curse
 n - a scroll of identify
Potions
 b - a potion of mutation
 d - 2 potions of might
 i - a potion of haste
 k - a potion of curing
 q - a potion of invisibility {unknown}
 r - a potion of heal wounds {unknown}
Comestibles
 e - 7 rations
 s - 3 chunks of flesh

Dungeon Overview and Level Annotations

Branches:
Dungeon (5/15)
 Temple: D:4-7

Altars:
Sif Muna
Wu Jian

Shops:
D:4 =!?}


Message History

The orc priest mumbles some strange prayers to Beogh against you.
Pain shoots through your body! The orc priest closely misses you.
You slash the orc priest!
You kill the orc priest!
You closely miss the orc wizard. You hit the orc priest.
The orc wizard gestures at you while chanting.
The magic dart hits you!
The orc priest calls down the wrath of Beogh upon you.
You struggle to resist.
The orc priest mumbles some strange prayers to Beogh against you.
Beogh smites you!
The orc wizard hits you but does no damage.
An orc wizard comes into view. It is wielding a dagger.
The orc wizard shouts!
You slash the orc priest!
The orc priest is severely wounded.
You hit the orc wizard.
The orc priest mumbles some strange prayers to Beogh against you.
Beogh smites you!
You die...

#.%.......#
######.##.#
#....#
###..# #.)#
#..# #..#
#..# #%@#
#oo# #WZ#
...# ###o#
o.. ###


You could see a phantom, 2 orc priests, 2 orc wizards and an adder skeleton.

Vanquished Creatures
  Eustachio (D:4)
  Edmund (D:4)
  Duvessa (D:4)
  Dowan (D:4)
  A hound (D:4)
  2 orc priests
  A worker ant (D:4)
  An adder (D:5)
  A gnoll (D:1)
  2 oozes
  2 worms (D:4)
  4 dart slugs
  2 leopard geckos
  7 orcs (D:3)
  A ball python (D:4)
  2 giant cockroaches
  3 goblins (D:1)
  A hobgoblin (D:3)
  6 bats
  2 frilled lizards
  4 kobolds
  4 rats
50 creatures vanquished.

Notes
Turn   | Place    | Note
-------+----------+-------------------------------------------
     0 | D:1      | KleinerIrrer the Formicid Fighter began the quest for the Orb.
     0 | D:1      | Reached XP level 1. HP: 18/18 MP: 1/1
     0 | D:1      | 0 ||| counter = 30
    85 | D:1      | Reached skill level 3 in Axes
    85 | D:1      | Reached XP level 2. HP: 23/24 MP: 2/2
   213 | D:1      | Reached XP level 3. HP: 29/29 MP: 3/3
   997 | D:1      | 997 ||| UPGRADING to chain mail.
  1007 | D:1      | 1007 ||| DROPPING +0 scale mail.
  1008 | D:1      | 1008 ||| READING scroll labeled DOUW FOOGYCI.
  1009 | D:1      | 1009 ||| READING scroll labeled DOAR HAPHIKOSM.
  1010 | D:1      | 1010 ||| READING scroll labeled GYHECH YGAOCAAXKU.
  1180 | D:2      | Found a deep blue altar of Sif Muna.
  1713 | D:2      | 1713 ||| UPGRADING to flail.
  1714 | D:2      | 1714 ||| SWAPPING to +1 war axe.
  1833 | D:2      | 1833 ||| READING 2 scrolls labeled ZIUXKE NO SYCU.
  1834 | D:2      | 1834 ||| READING scroll labeled VOWEGA WUSOSM.
  1835 | D:2      | 1835 ||| DRINKING 2 smoky emerald potions.
  1836 | D:2      | 1836 ||| DRINKING 2 purple potions.
  1837 | D:2      | 1837 ||| READING scroll of identify.
  1837 | D:2      | 1837 ||| IDENTIFYING thin diamond amulet
  1838 | D:2      | 1838 ||| DROPPING amulet of rage.
  1839 | D:2      | 1839 ||| DROPPING potion of flight.
  1852 | D:2      | 1852 ||| EATING 2 rations.
  1943 | D:3      | Reached skill level 4 in Axes
  1943 | D:3      | Reached XP level 4. HP: 21/35 MP: 4/4
  1975 | D:3      | 1975 ||| STAIRDANCE
  2061 | D:2      | 2061 ||| UPGRADING to pair of boots.
  2066 | D:2      | 2066 ||| UPGRADING to pair of gloves.
  2071 | D:2      | 2071 ||| READING 2 scrolls of remove curse.
  2072 | D:2      | 2072 ||| READING scroll labeled FUNGOO YVVA.
  2386 | D:3      | Found a deep blue altar of Sif Muna.
  2393 | D:3      | Found an ornate altar of the Wu Jian Council.
  2678 | D:3      | 2678 ||| READING 2 scrolls of identify.
  2678 | D:3      | 2678 ||| IDENTIFYING agate ring
  2679 | D:3      | 2679 ||| UPGRADING to ring of protection from fire.
  2731 | D:4      | Reached XP level 5. HP: 39/41 MP: 5/5
  2787 | D:4      | Found Ruxicheg's Magic Scroll Emporium.
  2790 | D:4      | Bought a scroll of identify for 28 gold pieces
  2790 | D:4      | Bought a scroll of identify for 28 gold pieces
  2790 | D:4      | Bought a scroll of enchant weapon for 105 gold pieces
  2790 | D:4      | Bought a scroll of identify for 28 gold pieces
  2790 | D:4      | 2790 ||| READING scroll of enchant weapon.
  2790 | D:4      | 2790 ||| ENCHANTING +1 war axe.
  2796 | D:4      | Found Ytateduemu's Gadget Boutique.
  2801 | D:4      | 2801 ||| SHOPLISTING wand of digging (12) (448 gold, have 18).
  2812 | D:4      | Noticed Duvessa
  2814 | D:4      | Noticed Dowan
  2832 | D:4      | Killed Duvessa
  2832 | D:4      | Reached skill level 5 in Axes
  2832 | D:4      | Reached XP level 6. HP: 46/47 MP: 6/6
  2841 | D:4      | Killed Dowan
  2855 | D:4      | 2855 ||| READING scroll of enchant armour.
  2855 | D:4      | 2855 ||| ENCHANTING +0 pair of gloves.
  2915 | D:4      | Reached skill level 6 in Axes
  2982 | D:4      | Noticed Edmund
  3066 | D:4      | Killed Edmund
  3066 | D:4      | Reached XP level 7. HP: 48/52 MP: 7/7
  3092 | D:4      | 3092 ||| DROPPING +0 flail.
  3093 | D:4      | 3093 ||| UPGRADING to flail of protection.
  3094 | D:4      | 3094 ||| SWAPPING to +2 war axe.
  3166 | D:4      | Found Voido's Distillery.
  3169 | D:4      | 3169 ||| SHOPLISTING potion of heal wounds (50 gold, have 29).
  3169 | D:4      | 3169 ||| SHOPLISTING potion of curing (30 gold, have 29).
  3199 | D:4      | Noticed Eustachio
  3222 | D:4      | Killed Eustachio
  3398 | D:4      | Found Acug's Jewellery Shop.
  3405 | D:4      | 3405 ||| SHOPLISTING ring of fire (275 gold, have 50).
  3405 | D:4      | 3405 ||| SHOPLISTING ring of poison resistance (220 gold, have 50).
  3405 | D:4      | 3405 ||| SHOPLISTING amulet of the Air {Inacc +Fly rElec EV+5 RMsl} (523 gold, have 50).
  3405 | D:4      | 3405 ||| SHOPLISTING amulet "Ostrysm" {RegenMP MP+9 Str+3} (684 gold, have 50).
  3405 | D:4      | 3405 ||| SHOPLISTING ring of protection from cold (275 gold, have 50).
  3576 | D:4      | 3576 ||| UPGRADING to pair of embroidered boots.
  3586 | D:4      | 3586 ||| DROPPING +0 pair of boots.
  3587 | D:4      | 3587 ||| READING 4 scrolls of identify.
  3587 | D:4      | 3587 ||| IDENTIFYING bubbling white potion
  3588 | D:4      | 3588 ||| READING 3 scrolls of identify.
  3588 | D:4      | 3588 ||| IDENTIFYING red potion
  3589 | D:4      | 3589 ||| READING 2 scrolls of identify.
  3589 | D:4      | 3589 ||| IDENTIFYING sedimented sapphire potion
  3590 | D:4      | 3590 ||| DROPPING potion of ambrosia.
  3612 | D:5      | Entered Level 5 of the Dungeon
  3673 | D:5      | HP: 13/55 [orc priest/nerve-wracking pain (12)]
  3674 | D:5      | HP: 3/55 [orc priest/divine providence (10)]
  3675 | D:5      | Killed from afar by an orc priest

Vault maps used:
D:1:      shiori_arrival_elements, serial_bayou, serial_bayou_shore_a,
          serial_bayou_ford_a, serial_bayou_lagoon_a, serial_bayou_pond_e
D:2:      corexii_leaking_fountain, led_sif_pool
D:3:      gammafunk_temple_overflow_pools
D:4:      serial_shops, shop, shop, kennysheep_mini, shop, first_ration,
          uniq_edmund, uniq_duvessa, uniq_eustachio
D:5:      lemuel_crystal_altar, lightli_temple_of_fire, serial_shops, shop,
          uniq_crazy_yiuf_cottage

Skill      XL: |  1  2  3  4  5  6  7 |
---------------+----------------------+-----
Axes           | 3 4 5 6 |  6.4
Shields        | 4 |  4.5
Dodging        | 2 |  2.4
Fighting       | 4 |  4.7
Armour         | |  3.2

Action                   |  1- 3 |  4- 6 |  7- 9 || total
-------------------------+-------+-------+-------++-------
Melee: War axe           |    76 |    69 |    34 ||   179
Throw: Tomahawk          |       |    10 |     3 ||    13
  Use: Scroll            |     6 |     5 |     3 ||    14
       Potion            |     2 |       |       ||     2
  Eat: Chunk             |     2 |     1 |     2 ||     5
       Ration            |     1 |       |       ||     1
Armor: Scale mail        |    17 |       |       ||    17
       Chain mail        |     8 |    31 |     7 ||    46
Dodge: Dodged            |    19 |    10 |     4 ||    33
Block: Shield            |    33 |    43 |    14 ||    90

Table legend:
 A = Spawn XP
 B = Non-spawn XP
 C = Spawn XP percentage of total XP
 D = Spawn monster count
 E = Non-spawn monster count
 F = Spawn count percentage of total count
 G = Total turns spent on level
                    A         B        C        D         E        F      G
               +---------+---------+-------+---------+---------+-------+---------
         Total |       0 |     900 |   0.0 |       0 |      50 |   0.0 |  3675
               +---------+---------+-------+---------+---------+-------+---------
           D:1 |       0 |      45 |   0.0 |       0 |      18 |   0.0 |  1063
           D:2 |       0 |      10 |   0.0 |       0 |       5 |   0.0 |   891
           D:3 |       0 |      79 |   0.0 |       0 |      14 |   0.0 |   740
           D:4 |       0 |     711 |   0.0 |       0 |      11 |   0.0 |   918
           D:5 |       0 |      55 |   0.0 |       0 |       2 |   0.0 |    63
               +---------+---------+-------+---------+---------+-------+---------
